 Dungeon Crawl Stone Soup version 0.29.0-4-gdea44cf6ec (webtiles) character file.

Game seed: 1032462844597523879

102 qw the Ruffian (level 4, 0/36 HPs)
             Began as a Ghoul Fire Elementalist on Aug 29, 2022.
             Slain by a quasit (1 damage)
             ... on level 4 of the Dungeon.
             The game lasted 00:01:49 (2164 turns).

qw the Ruffian (Ghoul Fire Elementalist)            Turns: 2164, Time: 00:01:50

Health: 0/36       AC:  5    Str: 13    XL:     4   Next: 77%
Magic:  5/5        EV: 10    Int: 10    God:
Gold:   76         SH:  0    Dex:  9    Spells: 5/6 levels left

rFire   . . .      SeeInvis .     - Unarmed
rCold   + . .      Faith    .   (no shield)
rNeg    + + +      Spirit   .   e - +0 ring mail
rPois   inf        Reflect  .   (no helmet)
rElec   .          Harm     .   (no cloak)
rCorr   .          Rampage  .   (no gloves)
Will    .....                   (no boots)
Stlth   +.........              (no amulet)
HPRegen 0.00/turn               (no ring)
MPRegen 0.09/turn               (no ring)

@: inhibited regen
A: claws 1, cold resistance 1, negative energy resistance 3, inhibited
regeneration, torment resistance 2, devour on kill
a: no special abilities


You were on level 4 of the Dungeon.
You visited 1 branch of the dungeon, and saw 4 of its levels.

You collected 76 gold pieces.


Innate Abilities, Weirdness & Mutations

You are immune to poison.
You have sharp fingernails.
Your flesh is cold resistant. (rC+)
You are immune to negative energy. (rN+++)
You do not regenerate when monsters are visible.
You are immune to unholy pain and torment.
You thrive by killing the living.


   Skills:
 + Level 1.7 Fighting
 - Level 1.7 Dodging
 - Level 2.1 Stealth
 - Level 4.1 Unarmed Combat
 - Level 1.7 Spellcasting
 - Level 0.7 Conjurations
 - Level 2.4 Fire Magic


You had 5 spell levels left.
You knew the following spells:

 Your Spells              Type           Power      Damage    Failure   Level
a - Foxfire               Conj/Fire      16%        2x1d4     36%         1

Your spell library contained the following spells:

 Spells                   Type           Power      Damage    Failure   Level
 Scorch                   Fire           10%        2d6       36%         2
 Conjure Flame            Conj/Fire      4%         6-21      73%         3
 Inner Flame              Hex/Fire       3%         N/A       78%         3
 Flame Wave               Conj/Fire      4%         2d5       98%         4

Inventory:

Missiles
 h - a javelin (quivered)
Armour
 e - a +0 ring mail (worn)
Scrolls
 l - a scroll of identify
Potions
 d - a potion of lignification {unknown}
 f - a potion of curing
 g - a potion of ambrosia {unknown}
 i - a potion of mutation {unknown}

Dungeon Overview and Level Annotations

Branches:
Dungeon (4/15)
 Temple: D:4-7

Altars:
Dithmenos


Message History

You throw a javelin.
The javelin pierces through the iguana but does no damage.
A quasit comes into view.
You barely miss the iguana. You scratch the iguana.
The iguana is moderately wounded.
The ufetubus closely misses you. The ufetubus barely misses you.
The iguana bites you!
You scratch the iguana.
The iguana is heavily wounded.
The ufetubus hits you. The ufetubus barely misses you. The iguana bites you!
The ufetubus hits you but does no damage.
The ufetubus closely misses you.
You scratch the iguana. Your claw misses the iguana.
The iguana is heavily wounded.
The ufetubus completely misses you. The ufetubus closely misses you.
The iguana misses you.
2158 ||| Stepping ~*~*~tactically~*~*~ (outnumbered).
The iguana attacks as you move away!
The iguana bites you but does no damage.
The ufetubus closely misses you. The ufetubus barely misses you.
You miss the ufetubus. The ufetubus hits you. The ufetubus closely misses you.
You barely miss the ufetubus.
The ufetubus hits you but does no damage.
The ufetubus completely misses you. The ufetubus hits you.
The ufetubus closely misses you.
You closely miss the ufetubus. The ufetubus closely misses you.
The ufetubus hits you.
You scratch the ufetubus but do no damage.
The ufetubus hits you but does no damage. x2
You scratch the quasit.
The quasit is moderately wounded.
You scratch the quasit.
The quasit is moderately wounded.
The quasit closely misses you.
The quasit claws you but does no damage.
The quasit misses you. The quasit closely misses you. The quasit misses you.
The quasit claws you.
You die...

~~~~...............
~~.~.((#........<..
... ###
..~77..#..###..###.
... ... ...........
..?.. . ....##.#
####..###.###..###
.###..##.######.......
.... ........#...
........##..##
.###..##.#.####..###
.............@5l...#
.###....##.#####......
###........... ..###
#............. ...
#.........##### ...
#.........# ..
.............). P
~~7........#####
~~.........#


You could see an iguana and a quasit.

Vanquished Creatures
  Jessica (D:2)
  An adder (D:2)
  A shadow imp (D:4)
  An ufetubus (D:4)
  A worm (D:2)
  2 dart slugs (D:1)
  3 bats
  4 endoplasms
  3 giant cockroaches
  6 goblins
  5 hobgoblins
  A quokka (D:1)
  4 ball pythons
  4 frilled lizards
  4 kobolds
  6 rats
47 creatures vanquished.

Notes
Turn   | Place    | Note
-------+----------+-------------------------------------------
     0 | D:1      | qw the Ghoul Fire Elementalist began the quest for the Orb.
     0 | D:1      | Reached XP level 1. HP: 14/14 MP: 2/2
     0 | D:1      | 0 ||| qw: Version: 0.1-a-90-g952f4b7
     0 | D:1      | 0 ||| qw: Game counter: 3941
     0 | D:1      | 0 ||| qw: Always use a shield: true
     0 | D:1      | 0 ||| qw: God list: Okawaru
     0 | D:1      | 0 ||| qw: Allow faded altars: false
     0 | D:1      | 0 ||| qw: Do Orc after D:15 true
     0 | D:1      | 0 ||| qw: Do second Lair branch before Depths: true
     0 | D:1      | 0 ||| qw: Lair rune preference: random
     0 | D:1      | 0 ||| qw: Plans: Normal
     0 | D:1      | 0 ||| PLANNING D:1-11
    78 | D:1      | 78 ||| Stepping ~*~*~tactically~*~*~ (hiding).
   185 | D:1      | 185 ||| Stepping ~*~*~tactically~*~*~ (hiding).
   294 | D:1      | Reached skill level 1 in Unarmed Combat
   416 | D:1      | Reached XP level 2. HP: 22/22 MP: 3/3
   442 | D:1      | Reached skill level 1 in Fighting
   603 | D:1      | Reached skill level 2 in Unarmed Combat
   624 | D:1      | 624 ||| Stepping ~*~*~tactically~*~*~ (outnumbered).
   626 | D:1      | 626 ||| Stepping ~*~*~tactically~*~*~ (outnumbered).
   627 | D:1      | 627 ||| Stepping ~*~*~tactically~*~*~ (outnumbered).
   631 | D:1      | 631 ||| Stepping ~*~*~tactically~*~*~ (outnumbered).
   633 | D:1      | 633 ||| Stepping ~*~*~tactically~*~*~ (outnumbered).
   635 | D:1      | 635 ||| Stepping ~*~*~tactically~*~*~ (outnumbered).
   851 | D:1      | Reached XP level 3. HP: 28/28 MP: 4/4
  1124 | D:1      | 1124 ||| READING scroll labelled QELUKI YSKUOTEAKH.
  1127 | D:1      | 1127 ||| READING scroll labelled GEKHLAMOLEST.
  1128 | D:1      | 1128 ||| READING scroll labelled NECA TOMNUODOWI.
  1129 | D:1      | 1129 ||| READING scroll labelled ATHRAI ZECSIPN.
  1130 | D:1      | 1130 ||| DROPPING potion of magic.
  1156 | D:2      | 1156 ||| Stepping ~*~*~tactically~*~*~ (stealth).
  1198 | D:2      | Reached skill level 3 in Unarmed Combat
  1377 | D:2      | Found a shadowy altar of Dithmenos.
  1413 | D:2      | 1413 ||| Stepping ~*~*~tactically~*~*~ (stealth).
  1415 | D:2      | 1415 ||| Stepping ~*~*~tactically~*~*~ (stealth).
  1417 | D:2      | 1417 ||| Stepping ~*~*~tactically~*~*~ (stealth).
  1464 | D:2      | Noticed Jessica
  1465 | D:2      | 1465 ||| Stepping ~*~*~tactically~*~*~ (hiding).
  1466 | D:2      | 1466 ||| Stepping ~*~*~tactically~*~*~ (hiding).
  1476 | D:2      | Killed Jessica
  1477 | D:2      | Reached XP level 4. HP: 35/35 MP: 5/5
  1520 | D:2      | 1520 ||| Stepping ~*~*~tactically~*~*~ (stealth).
  1526 | D:2      | 1526 ||| Stepping ~*~*~tactically~*~*~ (stealth).
  1527 | D:2      | 1527 ||| Stepping ~*~*~tactically~*~*~ (stealth).
  1621 | D:2      | Reached skill level 4 in Unarmed Combat
  1903 | D:2      | 1903 ||| UPGRADING to +0 ring mail.
  1913 | D:2      | 1913 ||| DROPPING +0 robe.
  1914 | D:2      | 1914 ||| READING scroll labelled SEUW AZERORR.
  1915 | D:2      | 1915 ||| READING scroll labelled QIG XOUKET.
  1916 | D:2      | 1916 ||| DRINKING 2 sedimented coppery potions.
  1917 | D:2      | 1917 ||| READING 2 scrolls of identify.
  1917 | D:2      | 1917 ||| IDENTIFYING cyan potion
  2000 | D:3      | You fall into a shaft and drop 1 floor!
  2044 | D:4      | 2044 ||| Stepping ~*~*~tactically~*~*~ (outnumbered).
  2047 | D:4      | 2047 ||| Stepping ~*~*~tactically~*~*~ (outnumbered).
  2055 | D:4      | HP: 7/35 [ufetubus (2)]
  2056 | D:4      | 2056 ||| READING scroll of teleportation.
  2057 | D:4      | 2057 ||| DRINKING potion of heal wounds.
  2131 | D:4      | 2131 ||| Stepping ~*~*~tactically~*~*~ (stealth).
  2135 | D:4      | 2135 ||| Stepping ~*~*~tactically~*~*~ (stealth).
  2139 | D:4      | 2139 ||| Stepping ~*~*~tactically~*~*~ (stealth).
  2140 | D:4      | 2140 ||| Stepping ~*~*~tactically~*~*~ (stealth).
  2141 | D:4      | 2141 ||| Stepping ~*~*~tactically~*~*~ (stealth).
  2143 | D:4      | 2143 ||| Stepping ~*~*~tactically~*~*~ (stealth).
  2156 | D:4      | HP: 9/36 [iguana (11)]
  2158 | D:4      | 2158 ||| Stepping ~*~*~tactically~*~*~ (outnumbered).
  2160 | D:4      | HP: 3/36 [ufetubus (2)]
  2161 | D:4      | HP: 1/36 [ufetubus (2)]
  2164 | D:4      | Slain by a quasit

Levels and vault maps discovered:
D:1:      roderic_octagonal_star, layout_basic
D:2:      layout_basic, basic_altar, uniq_jessica
D:3:      minmay_inner_zag, layout_loops_ring,
          hellmonk_ecumenical_altar_inner_sanctum, nicolae_figureground_sparkle,
          uniq_ijyb
D:4:      layout_basic, serial_demonic, serial_demonic_f, serial_demonic_b,
          serial_demonic_f, serial_demonic_c, serial_demonic_f,
          serial_demonic_d, serial_demonic_f,
          hangedman_abyss_or_decor_lesser_grid, uniq_grinder, uniq_duvessa

Skill      XL: |  1  2  3  4 |
---------------+-------------+-----
Unarmed Combat | 1 2 3 4 |  4.1
Fighting       | 1 |  1.7
Dodging        | |  1.7
Stealth        | |  2.1
Spellcasting   | |  1.7
Conjurations   | |  0.7
Fire Magic     | |  2.4

Action                   |  1- 3 |  4- 6 || total
-------------------------+-------+-------++-------
Melee: Unarmed           |    96 |    39 ||   135
       Punch             |     3 |       ||     3
Throw: Javelin           |    18 |    14 ||    32
  Use: Scroll            |     4 |     4 ||     8
       Potion            |       |     2 ||     2
Armor: Robe              |    17 |       ||    17
       Ring mail         |       |    33 ||    33
Dodge: Dodged            |    64 |    59 ||   123

Table legend:
 A = Non-vault XP
 B = Vault XP
 C = Vault XP percentage of total XP
 D = Non-vault monster count
 E = Vault monster count
 F = Vault count percentage of total count
                 A         B        C        D         E       F
            +---------+---------+-------+---------+---------+-------
      Total |      90 |      56 |  38.4 |      44 |       3 |   6.4
            +---------+---------+-------+---------+---------+-------
        D:1 |      45 |       0 |   0.0 |      27 |       0 |   0.0
        D:2 |      40 |      37 |  48.1 |      14 |       1 |   6.7
        D:3 |       3 |       0 |   0.0 |       2 |       0 |   0.0
        D:4 |       2 |      19 |  90.5 |       1 |       2 |  66.7
            +---------+---------+-------+---------+---------+-------
